 Dungeon Crawl Stone Soup version 0.25-a0-781-gc44aebf4fe (webtiles) character file.

Game seed: 560733878870976219, levelgen mode: deterministic

90 Geomchi the Stinger (level 4, -8/39 HPs)
             Began as a Naga Venom Mage on Apr 15, 2020.
             Killed from afar by Ijyb (15 damage)
             ... with an iceblast
             ... on level 3 of the Dungeon.
             The game lasted 00:05:24 (3215 turns).

Geomchi the Stinger (Naga Venom Mage)               Turns: 3215, Time: 00:05:25

Health: -8/39      AC:  4    Str: 10    XL:     4   Next: 56%
Magic:  5/8        EV: 10    Int: 17    God:
Gold:   126        SH:  0    Dex: 11    Spells: 2/8 levels left

rFire    . . .     SeeInvis +   b - +0 mace
rCold    . . .     Gourm    .   (no shield)
rNeg     . . .     Faith    .   a - +0 robe
rPois    +         Spirit   .   g - +2 hat
rElec    .         Reflect  .   (no cloak)
rCorr    .         Harm     .   (no gloves)
MR       .....                  (no barding)
Stlth    ++........             (no amulet)
HPRegen  0.13/turn              h - ring of see invisible
MPRegen  0.11/turn              (no ring)

@: very slow
A: large, see invisible, deformed body, poison resistance, slowness 2, slow
metabolism 1, spit poison 1, AC +1
a: Spit Poison


You were on level 3 of the Dungeon.
You were not hungry.

You visited 1 branch of the dungeon, and saw 3 of its levels.

You collected 126 gold pieces.

Inventory:

Hand Weapons
 b - a +0 mace (weapon)
Armour
 a - a +0 robe (worn)
 g - a +2 hat (worn)
Jewellery
 h - a ring of see invisible (left hand)
Scrolls
 d - 2 scrolls of magic mapping {unknown}
 f - 4 scrolls of identify {unknown}
 i - a scroll of amnesia {unknown}
 k - 2 scrolls of remove curse {unknown}
 m - a scroll of teleportation {unknown}
 o - a scroll of enchant armour {unknown}
Potions
 e - 2 potions of curing {unknown}
 j - a potion of mutation {unknown}
 l - a potion of lignification {unknown}
Comestibles
 c - 3 rations
 n - 2 chunks of flesh {@w0}


   Skills:
 + Level 1.8 Fighting
 - Level 1.5 Dodging
 - Level 3.0 Stealth
 + Level 2.8 Spellcasting
 * Level 1.3 Conjurations
 - Level 1.0 Transmutations
 + Level 5.0 Poison Magic


You had 2 spell levels left.
You knew the following spells:

 Your Spells              Type           Power        Failure   Level  Hunger
a - Sting                 Tmut/Pois      ##..         5%          1    #......
b - Poisonous Vapours     Pois/Air       ##....       10%         2    ##.....
c - Mephitic Cloud        Conj/Pois/Air  #.......     22%         3    ###....

Your spell library contained the following spells:

 Spells                   Type           Power        Failure   Level  Hunger
 Olgreb's Toxic Radiance  Pois           ###.....     22%         4    #####..
 Ignite Poison            Fire/Tmut/Pois #.......     24%         3    ###....


Dungeon Overview and Level Annotations

Branches:
Dungeon (3/15)

Altars:

Annotations:
D:3 Grinder, Ijyb, Robin


Innate Abilities, Weirdness & Mutations

You cannot wear boots.
Your serpentine skin is tough. (AC +1)
You have supernaturally acute eyesight. (SInv)
Armour fits poorly on your strangely shaped body.
Your system is resistant to poisons. (rPois)
You cover ground very slowly.
You have a slow metabolism.
You can spit poison.


Message History

Ijyb is nearby!
Ijyb is nearby!
Aim: Ijyb, wearing a +0 scale mail and carrying a wand of iceblast (6) (resting) Poisonous vapours surround Ijyb!
Ijyb is engulfed in poison gas.
Ijyb is poisoned.
You now have 6/8 mp.
You can't see any susceptible monsters within range! (Use Z to cast anyway.) Ijyb zaps a wand.
The mass of ice explodes!
The iceblast engulfs you!
Found 2 gold pieces.
You take 14 damage, and have 25/39 hp.
MASSIVE DAMAGE!!
You can't see any susceptible monsters within range! (Use Z to cast anyway.)
Okay, then.
Ijyb zaps a wand.
The mass of ice explodes!
The iceblast engulfs you!!
* * * LOW HITPOINT WARNING * * *
You take 19 damage, and have 6/39 hp.
MASSIVE DAMAGE!!
Aim: Ijyb, wearing a +0 scale mail and carrying a wand of iceblast (4) (moderately wounded) Poisonous vapours surround Ijyb!
Ijyb is engulfed in poison gas.
Ijyb is poisoned.
You now have 5/8 mp.
Ijyb zaps a wand.
The mass of ice explodes!
The iceblast engulfs you!
You die...

....# #......
....# ......
..(<#
#####.#.########
....#
..........g.....
....##
####.#.########
.....# #g#
.....# #.#
.....# ######.#
####.# #..@.g.#
#.# #.###### #.#
#.#
#.#########.#
#...>....##.#
########.##.#
#.##.# #.##.#
#.##.#


You could see Ijyb.

Vanquished Creatures
  3 adders
  An ooze (D:1)
  A worm (D:2)
  2 dart slugs
  A leopard gecko (D:3)
  3 giant cockroaches
  9 goblins
  7 hobgoblins
  4 jackals (D:2)
  2 ball pythons
  5 bats
  2 frilled lizards (D:2)
  4 kobolds
  10 rats
54 creatures vanquished.

Notes
Turn   | Place    | Note
-------+----------+-------------------------------------------
     0 | D:1      | Geomchi the Naga Venom Mage began the quest for the Orb.
     0 | D:1      | Reached XP level 1. HP: 15/15 MP: 3/3
    82 | D:1      | Reached XP level 2. HP: 17/24 MP: 1/5
   324 | D:1      | Reached skill level 1 in Fighting
  1159 | D:2      | Reached XP level 3. HP: 31/31 MP: 4/6
  1220 | D:2      | Learned a level 2 spell: Poisonous Vapours
  1730 | D:2      | Learned a level 3 spell: Mephitic Cloud
  2395 | D:2      | Reached XP level 4. HP: 39/39 MP: 4/8
  2436 | D:2      | Reached skill level 1 in Conjurations
  2686 | D:3      | Noticed Robin
  2694 | D:3      | Noticed Grinder
  2994 | D:3      | Reached skill level 5 in Poison Magic
  3205 | D:3      | Noticed Ijyb
  3215 | D:3      | Killed from afar by Ijyb

Levels and vault maps discovered:
D:1:      minmay_arrival_semitransparent, layout_basic,
          minmay_misc_feat_ornament
D:2:      layout_basic
D:3:      layout_basic, uniq_natasha, uniq_robin, uniq_ijyb, uniq_grinder

Skill      XL: |  1  2  3  4 |
---------------+-------------+-----
Fighting       | 1 |  1.8
Conjurations   | 1 |  1.3
Poison Magic   | 5 |  5.0
Dodging        | |  1.5
Stealth        | |  3.0
Spellcasting   | |  2.8
Transmutations | |  1.0

Action                   |  1- 3 |  4- 6 || total
-------------------------+-------+-------++-------
Melee: Mace              |    22 |     6 ||    28
       Unarmed           |     1 |       ||     1
 Cast: Sting             |    64 |    19 ||    83
       Poisonous Vapours |     7 |     8 ||    15
       Mephitic Cloud    |       |     2 ||     2
 Abil: Spit Poison       |     1 |       ||     1
  Eat: Chunk             |     4 |     3 ||     7
Armor: Robe              |    18 |    11 ||    29
Dodge: Dodged            |    45 |    13 ||    58

Table legend:
 A = Non-vault XP
 B = Vault XP
 C = Vault XP percentage of total XP
 D = Non-vault monster count
 E = Vault monster count
 F = Vault count percentage of total count
                 A         B        C        D         E       F
            +---------+---------+-------+---------+---------+-------
      Total |     120 |       9 |   7.0 |      49 |       5 |   9.3
            +---------+---------+-------+---------+---------+-------
        D:1 |      33 |       0 |   0.0 |      17 |       0 |   0.0
        D:2 |      64 |       6 |   8.6 |      24 |       3 |  11.1
        D:3 |      23 |       3 |  11.5 |       8 |       2 |  20.0
            +---------+---------+-------+---------+---------+-------
